 Dungeon Crawl Stone Soup version 0.28-a0-1199-gef9e1dbd39 (webtiles) character file.

Game seed: 13925389233932731636

133 Gargoyl the Skirmisher (level 5, -6/47 HPs)
             Began as a Gnoll Abyssal Knight on Dec 19, 2021.
             Was a Follower of Lugonu.
             Mangled by a raiju (7 damage)
             ... on level 2 of the Abyss.
             The game lasted 00:00:37 (115 turns).

Gargoyl the Skirmisher (Gnoll Abyssal Knight)        Turns: 115, Time: 00:00:37

Health: -6/47      AC:  3    Str: 14    XL:     5   Next: 16%
Magic:  8/8        EV: 12    Int:  9    God:    Lugonu [*.....]
Gold:   0          SH:  0    Dex: 13    Spells: 6/6 levels left

rFire   . . .      SeeInvis .   a - +1 hand axe
rCold   . . .      Faith    .   (no shield)
rNeg    . . .      Spirit   .   b - +0 leather armour
rPois   .          Reflect  .   (no helmet)
rElec   .          Harm     .   (no cloak)
rCorr   .          Rampage  .   (no gloves)
Will    .....                   (no boots)
Stlth   +.........              (no amulet)
HPRegen 0.15/turn               (no ring)
MPRegen 0.11/turn               (no ring)

@: confused
A: fangs 1, strong nose, distributed training
a: Renounce Religion, Depart the Abyss


You were on level 2 of the Abyss.
You worshipped Lugonu.
Lugonu was aware of your devotion.
You visited 0 branches of the dungeon, and saw 0 of its levels.
You visited the Abyss 1 time.

Inventory:

Hand Weapons
 a - a +1 hand axe (weapon)
Armour
 b - a +0 leather armour (worn)


   Skills:
 + Level 6.6 Fighting
 + Level 1.4 Short Blades
 + Level 1.4 Long Blades
 + Level 4.7 Axes
 + Level 1.4 Maces & Flails
 + Level 1.4 Polearms
 + Level 1.4 Staves
 + Level 1.4 Slings
 + Level 1.4 Bows
 + Level 1.4 Crossbows
 + Level 1.4 Throwing
 + Level 4.7 Armour
 + Level 2.9 Dodging
 + Level 1.4 Stealth
 + Level 1.4 Shields
 + Level 1.4 Unarmed Combat
 + Level 1.4 Spellcasting
 + Level 1.1 Conjurations
 + Level 1.1 Hexes
 + Level 1.1 Summonings
 + Level 1.1 Necromancy
 + Level 1.1 Translocations
 + Level 1.1 Transmutations
 + Level 1.1 Fire Magic
 + Level 1.1 Ice Magic
 + Level 1.1 Air Magic
 + Level 1.1 Earth Magic
 + Level 1.1 Poison Magic
 + Level 4.8 Invocations
 + Level 1.4 Evocations


You had 6 spell levels left.
You didn't know any spells.
Your spell library was empty.

Dungeon Overview and Level Annotations

Branches:
Dungeon (0/15)

Altars:


Innate Abilities, Weirdness & Mutations

You have very sharp teeth.
Your uncanny sense of smell can sniff out nearby items.
Your experience applies equally to all skills.


Message History

Unknown command.
You aren't carrying any potions.
Found a long sword.
The golden eye turns its gaze towards you. x2
The golden eye blinks at you.
You are more confused.
The golden eye blinks at you.
Unknown command.
The orb spider spins a strand of pure energy.
The golden eye blinks at you.
You are more confused.
The golden eye blinks at you. x2
Unknown command.
You slash the golden eye!
The golden eye is almost dead.
You barely miss the golden eye. The golden eye blinks at you.
You are more confused.
The golden eye blinks!
The golden eye blinks at you. x2
The golden eye blinks at you.
You are more confused.
A raiju comes into view.
The raiju closely misses you. The golden eye blinks at you.
You resist with some effort.
The golden eye blinks!
The raiju bites you.
* * * LOW HITPOINT WARNING * * *
The raiju shocks you!
* * * LOW HITPOINT WARNING * * *
Unknown command.
You bump into the crystal wall.
The golden eye turns its gaze towards you.
The raiju barks!
The golden eye blinks at you.
You are more confused.
The golden eye blinks at you.
You easily resist.
The raiju bites you.
* * * LOW HITPOINT WARNING * * *
The raiju shocks you!
You die...

###..# . ###
#..#. .. ##.>
...) ... #
...###... #.. #.
#..#...##..
...##.#..#..#
#...s...##.#
#.G§GG.#
.#.@h#.## #
#h##hG#.###.# $
..#.###G#.......
.# #.... #..#
...#.#.##. ...#
. # #. #. .#
....# . ##. . #.
..##.. ......
.##.# #..# # ..
. . # ....


You could see an orb spider (charged), 3 raiju and 5 golden eyes.

Vanquished Creatures
  A golden eye (Abyss:2)
1 creature vanquished.

Notes
Turn   | Place    | Note
-------+----------+-------------------------------------------
     0 | Abyss:1  | Gargoyl the Gnoll Abyssal Knight began the quest for the
                  | Orb.
     0 | Abyss:1  | Reached XP level 1. HP: 23/23 MP: 3/3
    14 | Abyss:2  | Noticed a raiju
    38 | Abyss:2  | Noticed a golden eye
    38 | Abyss:2  | Noticed a golden eye
    40 | Abyss:2  | Noticed a golden eye
    40 | Abyss:2  | Noticed a golden eye
    41 | Abyss:2  | Noticed a golden eye
    42 | Abyss:2  | Noticed a golden eye
    83 | Abyss:2  | Noticed an orb spider
   103 | Abyss:2  | Noticed a raiju
   104 | Abyss:2  | Noticed a raiju
   106 | Abyss:2  | Killed a golden eye
   107 | Abyss:2  | Reached skill level 1 in Short Blades
   107 | Abyss:2  | Reached skill level 1 in Long Blades
   107 | Abyss:2  | Reached skill level 1 in Maces & Flails
   107 | Abyss:2  | Reached skill level 1 in Polearms
   107 | Abyss:2  | Reached skill level 1 in Staves
   107 | Abyss:2  | Reached skill level 1 in Slings
   107 | Abyss:2  | Reached skill level 1 in Bows
   107 | Abyss:2  | Reached skill level 1 in Crossbows
   107 | Abyss:2  | Reached skill level 1 in Throwing
   107 | Abyss:2  | Reached skill level 1 in Stealth
   107 | Abyss:2  | Reached skill level 1 in Shields
   107 | Abyss:2  | Reached skill level 1 in Unarmed Combat
   107 | Abyss:2  | Reached skill level 1 in Spellcasting
   107 | Abyss:2  | Reached skill level 1 in Conjurations
   107 | Abyss:2  | Reached skill level 1 in Hexes
   107 | Abyss:2  | Reached skill level 1 in Summonings
   107 | Abyss:2  | Reached skill level 1 in Necromancy
   107 | Abyss:2  | Reached skill level 1 in Translocations
   107 | Abyss:2  | Reached skill level 1 in Transmutations
   107 | Abyss:2  | Reached skill level 1 in Fire Magic
   107 | Abyss:2  | Reached skill level 1 in Ice Magic
   107 | Abyss:2  | Reached skill level 1 in Air Magic
   107 | Abyss:2  | Reached skill level 1 in Earth Magic
   107 | Abyss:2  | Reached skill level 1 in Poison Magic
   107 | Abyss:2  | Reached skill level 1 in Evocations
   107 | Abyss:2  | Reached XP level 2. HP: 29/29 MP: 5/5
   107 | Abyss:2  | Reached XP level 3. HP: 35/35 MP: 6/6
   107 | Abyss:2  | Reached XP level 4. HP: 41/41 MP: 7/7
   107 | Abyss:2  | Reached XP level 5. HP: 47/47 MP: 8/8
   114 | Abyss:2  | Noticed a raiju
   115 | Abyss:2  | HP: 1/47 [raiju (5)]
   115 | Abyss:2  | Mangled by a raiju

Illustrated notes

Levels and vault maps discovered:
Abyss:2:  base:
Temple

Skill      XL: |  1 |
---------------+----+-----
Short Blades   | 1 |  1.4
Long Blades    | 1 |  1.4
Maces & Flails | 1 |  1.4
Polearms       | 1 |  1.4
Staves         | 1 |  1.4
Slings         | 1 |  1.4
Bows           | 1 |  1.4
Crossbows      | 1 |  1.4
Throwing       | 1 |  1.4
Stealth        | 1 |  1.4
Shields        | 1 |  1.4
Unarmed Combat | 1 |  1.4
Spellcasting   | 1 |  1.4
Conjurations   | 1 |  1.1
Hexes          | 1 |  1.1
Summonings     | 1 |  1.1
Necromancy     | 1 |  1.1
Translocations | 1 |  1.1
Transmutations | 1 |  1.1
Fire Magic     | 1 |  1.1
Ice Magic      | 1 |  1.1
Air Magic      | 1 |  1.1
Earth Magic    | 1 |  1.1
Poison Magic   | 1 |  1.1
Evocations     | 1 |  1.4
Fighting       | |  6.6
Axes           | |  4.7
Armour         | |  4.7
Dodging        | |  2.9
Invocations    | |  4.8

Action                   |  1- 3 |  4- 6 || total
-------------------------+-------+-------++-------
Melee: Hand axe          |    27 |     2 ||    29
  Use: Potion            |     1 |       ||     1
Dodge: Dodged            |       |     1 ||     1

Table legend: (Time is in decaauts)
 A = Elapsed time spent in this place.
 B = Non-inter-level travel time spent in this place.
 C = Inter-level travel time spent in this place.
 D = Time resting spent in this place.
 E = Time spent auto-exploring this place.
 F = Levels seen in this place.
 G = Mean time per level.
                   A        B        C        D        E       F      G
               +--------+--------+--------+--------+--------+-----+--------+
         Total |    118 |    118 |      0 |      0 |      5 |   2 |   59.0 |
         Abyss |    118 |    118 |      0 |      0 |      5 |   2 |   59.0 |
               +--------+--------+--------+--------+--------+-----+--------+

Top non-repeatable levels by time:
 Abyss:2: 108 daAuts
 Abyss:1: 9 daAuts
